 Dungeon Crawl Stone Soup version 0.19.0 (webtiles) character file.

40519 Eucla the Executioner (level 14, 0/135 HPs)
             Began as a Hill Orc Monk on Nov 18, 2016.
             Was the Champion of Makhleb.
             Slain by a seven-headed hydra (9 damage)
             ... on level 5 of the Lair of Beasts.
             The game lasted 00:34:17 (18711 turns).

Eucla the Executioner (Hill Orc Monk)              Turns: 18711, Time: 00:34:18

Health: 0/135      AC: 15    Str: 21    XL:     14   Next: 11%
Magic:  20/20      EV:  6    Int: 10    God:    Makhleb [******]
Gold:   1281       SH:  0    Dex: 18    Spells: 0 memorised, 13 levels left

rFire  . . .     SeeInvis .     r - +9 executioner's axe "Oxkixi" {chop, MR+ Str+5 Dex-4}
rCold  . . .     Gourm    .     k - +0 plate armour
rNeg   . . .     Faith    .     (shield currently unavailable)
rPois  +         Spirit   .     q - +1 helmet
rElec  .         Reflect  .     (no cloak)
rCorr  .         Harm     .     Q - +0 pair of gloves
MR     ++...                    (no boots)
Stlth  ..........               (no amulet)
                                E - +2 ring of protection
                                K - ring "Woutaxie" {*Slow rPois Dex+6}

@: slowed, drained, very slow
A: fangs 1, deterioration 1
a: Minor Destruction, Lesser Servant of Makhleb, Major Destruction, Greater
Servant of Makhleb, Renounce Religion


You were on level 5 of the Lair of Beasts.
You worshipped Makhleb.
Makhleb was exalted by your worship.
You were full.

You visited 2 branches of the dungeon, and saw 17 of its levels.
You also visited: Labyrinth, Ossuary and Bailey.

You collected 1281 gold pieces.

Inventory:

Hand Weapons
 m - a +0 executioner's axe of venom
 r - the +9 executioner's axe "Oxkixi" (weapon) {chop, MR+ Str+5 Dex-4}
   (You found it in a bailey)

   It inflicts extra damage upon your enemies.
   It affects your strength (+5).
   It affects your dexterity (-4).
   It affects your resistance to hostile enchantments.
Missiles
 e - 16 javelins of returning (quivered)
Armour
 k - a +0 plate armour (worn)
 q - a +1 helmet (worn)
 Q - a +0 pair of gloves (worn)
Jewellery
 l - a +3 ring of strength
 E - a +2 ring of protection (right hand)
 K - the ring "Woutaxie" (left hand) {*Slow rPois Dex+6}
   (You took it off a minotaur in a labyrinth)

   [ring of poison resistance]

   It affects your dexterity (+6).
   It protects you from poison.
   It may slow you when you take damage.
Wands
 i - a wand of iceblast (8/15)
 n - a wand of digging (14/24)
 H - a wand of teleportation (4/9)
 J - a wand of teleportation (8/9)
 M - a wand of disintegration (15/24)
 O - a wand of flame (35/48)
Scrolls
 f - a scroll of enchant weapon
 w - 2 scrolls of amnesia
 y - 2 scrolls of remove curse
 A - a scroll of fear
 G - 5 scrolls of enchant armour
 R - a scroll of recharging
Potions
 a - 2 potions of might
 b - a potion of berserk rage
 g - 2 potions of flight
 h - a potion of haste
 o - 2 potions of agility
 s - a potion of resistance
 t - 2 potions of brilliance
 u - a potion of heal wounds
 z - 4 potions of magic
 B - a potion of invisibility
 C - a potion of ambrosia
 D - 2 potions of curing
Comestibles
 c - 14 bread rations
 v - 4 meat rations


   Skills:
 + Level 15.0(13.8) Fighting
 * Level 22.4(20.9) Axes
 - Level 2.4(1.5) Dodging
 - Level 1.5(0.6) Stealth
 - Level 8.6(7.5) Invocations


You had 13 spell levels left.
You didn't know any spells.

Dungeon Overview and Level Annotations

Branches:
Dungeon (11/15)            Temple (0/1) D:6            Lair (6/6) D:9
  Swamp (0/4) Lair:4       Spider (0/4) Lair:2          Orc (0/2) D:9
  Slime: Lair:5-6

Altars:
Ashenzari
Cheibriados
Dithmenos
Elyvilon
Fedhas
Gozag
Kikubaaqudgha
Makhleb
Nemelex Xobeh
Qazlal
Sif Muna
Trog
Xom
Yredelemnul
Zin
The Shining One

Shops:
D:6 %

Annotations:
Lair:6 exclusion: oklob plant


Innate Abilities, Weirdness & Mutations

You have very sharp teeth.
Your body sometimes deteriorates upon taking damage.


Message History

The rime drake bites you but does no damage.
Unknown command.
Unknown command.
The seven-headed hydra barely misses you.
The seven-headed hydra bites you.
* * * LOW HITPOINT WARNING * * *
The seven-headed hydra bites you.
* * * LOW HITPOINT WARNING * * *
The seven-headed hydra bites you but does no damage. x4
The hippogriff bites you.
* * * LOW HITPOINT WARNING * * *
The hippogriff pecks you but does no damage.
The hippogriff claws you but does no damage.
Unknown command.
As you read the scroll of fear, it crumbles to dust.
You assume a fearsome visage.
The hippogriff looks frightened!
The seven-headed hydra resists with almost no effort.
The rime drake looks frightened!
The cacodemon is unaffected.
The seven-headed hydra bites you!
You die...

##..............(P.......
##....#........##P......
###...........####.....
#........#P...# ###...
##.........P..# #.##.
###.>kP.......PP# ####.
#..#............# ##
##...2HD.......## #.
##..##@###P#### ##
####### ### #


You could see a cacodemon, a seven-headed hydra, a hippogriff (fleeing) and a
rime drake (fleeing).

Vanquished Creatures
  The ghost of luneth the Spear-Bearer, a journeyman DrAr of Nemelex Xobeh (Lair:6)
  A minotaur (Lab)
  The ghost of PurpleRed the Severer, a journeyman MiFi of Okawaru (Lair:1)
  3 hydras
  A tengu warrior (D:10)
  The ghost of Kaishin the Covert, a novice OpTm of Dithmenos (Bailey)
  An unseen horror (D:11)
  The ghost of gg19 the Destroyer, a novice DECj (Lair:1)
  The ghost of Ark the Summoner, a novice TeSu of Hepliaklqana (D:11)
  2 hill giants (D:11)
  3 elephants (Lair:5)
  5 black mambas
  6 spiny frogs
  4 rime drakes
  A kobold demonologist (D:11)
  4 komodo dragons
  2 trolls (D:11)
  A two-headed ogre (D:10)
  3 polar bears
  11 blink frogs
  Grinder (D:4)
  A hornet (D:11)
  7 dream sheep (Lair:3)
  3 hippogriffs
  A wraith (D:10)
  Sigmund (D:5)
  A spriggan (Lair:2)
  A wyvern (Lair:3)
  23 yaks
  A hungry ghost (D:9)
  A basilisk (Lair:1)
  A steam dragon (D:9)
  Grum (D:8)
  6 water moccasins
  14 orc warriors
  Edmund (D:4)
  3 porcupines
  5 black bears
  A sky beast (D:10)
  5 ogres
  3 phantoms
  9 centaurs
  9 crocodiles
  15 wolves
  3 big kobolds (D:11)
  4 bullfrogs
  2 water moccasin skeletons
  A wyvern skeleton (D:7)
  5 scorpions
  9 killer bees
  4 electric eels
  4 crimson imps
  4 howler monkeys
  The ghost of stealthdread the Conjurer, a weakling DECj (D:3)
  2 centaur zombies
  2 bullfrog skeletons
  3 hounds
  5 jellies
  6 orc priests
  13 orc wizards
  9 iguanas
  5 worker ants
  A hound skeleton (D:10)
  8 mummies (Ossuary)
  A howler monkey zombie (D:9)
  3 gnolls (D:4)
  15 adders
  6 shadow imps
  3 oozes
  2 adder skeletons (D:7)
  2 worms (D:2)
  4 dart slugs
  7 leopard geckos
  63 orcs
  2 ball pythons
  3 giant cockroaches
  A gnoll zombie (Ossuary)
  9 goblins
  7 hobgoblins
  15 jackals
  24 kobolds
  4 quokkas
  3 bats
  6 frilled lizards
  3 hobgoblin zombies (Ossuary)
  A kobold zombie (Ossuary)
  3 orc zombies (Ossuary)
  2 quokka skeletons (D:6)
  9 rats
  6 fungi
  A plant (D:10)
463 creatures vanquished.

Vanquished Creatures (collateral kills)
  A hydra (Lair:3)
  A spiny frog (Lair:2)
  A blink frog (Lair:3)
  3 orc warriors (Bailey)
  4 orcs (Bailey)
10 creatures vanquished.

Vanquished Creatures (others)
  A fungus (Lair:6)
  2 plants (Lair:5)
3 creatures vanquished.

Grand Total: 476 creatures vanquished

Notes
Turn   | Place    | Note
-------+----------+-------------------------------------------
     0 | D:1      | Eucla the Hill Orc Monk began the quest for the Orb.
     0 | D:1      | Reached XP level 1. HP: 19/19 MP: 1/1
   174 | D:1      | Reached XP level 2. HP: 24/27 MP: 2/2
   759 | D:1      | Reached XP level 3. HP: 34/34 MP: 3/3
  1149 | D:2      | Gained mutation: You have very sharp teeth. [potion of mutation]
  1149 | D:2      | Gained mutation: You are partially covered in yellow scales. (AC +2) [potion of mutation]
  1149 | D:2      | Gained mutation: Your body sometimes deteriorates upon taking damage. [potion of mutation]
  1182 | D:2      | Reached skill level 5 in Axes
  1592 | D:2      | Reached XP level 4. HP: 32/41 MP: 4/4
  1889 | D:2      | Found a blossoming altar of Fedhas.
  2182 | D:3      | Reached skill level 5 in Fighting
  2192 | D:3      | Noticed stealthdread's ghost (weakling DECj)
  2210 | D:3      | Killed stealthdread's ghost
  2210 | D:3      | Reached skill level 6 in Axes
  2210 | D:3      | Reached XP level 5. HP: 29/48 MP: 5/5
  2544 | D:3      | Found a burning altar of Makhleb.
  2545 | D:3      | Found a shimmering altar of Xom.
  2549 | D:3      | Reached skill level 7 in Axes
  2549 | D:3      | Reached XP level 6. HP: 56/56 MP: 6/6
  2554 | D:3      | Became a worshipper of Makhleb the Destroyer
  2554 | D:3      | Reached * piety under Makhleb
  2554 | D:3      | Reached ** piety under Makhleb
  3155 | D:4      | Found a sand-covered staircase.
  3166 | Ossuary  | Entered an ossuary
  3188 | Ossuary  | Reached skill level 8 in Axes
  3403 | Ossuary  | Reached XP level 7. HP: 31/64 MP: 7/7
  4150 | D:4      | Noticed Grinder
  4167 | D:4      | Paralysed by Grinder for 4 turns
  4174 | D:4      | Killed Grinder
  4174 | D:4      | Reached skill level 9 in Axes
  4257 | D:4      | Found a stormy altar of Qazlal.
  4283 | D:4      | Noticed Edmund
  4308 | D:4      | Killed Edmund
  4351 | D:4      | Found a deep blue altar of Sif Muna.
  4661 | D:5      | Entered Level 5 of the Dungeon
  4686 | D:5      | Noticed Sigmund
  4714 | D:5      | Killed Sigmund
  4714 | D:5      | Reached skill level 10 in Axes
  4714 | D:5      | Reached XP level 8. HP: 41/73 MP: 8/8
  4784 | D:5      | Found a shadowy altar of Dithmenos.
  4826 | D:5      | Found an opulent altar of Gozag.
  4960 | D:5      | Found a bloodstained altar of Trog.
  5110 | D:5      | Found a glowing silver altar of Zin.
  5111 | D:5      | Found a white marble altar of Elyvilon.
  5112 | D:5      | Found a glowing golden altar of the Shining One.
  5277 | D:5      | Reached *** piety under Makhleb
  5471 | D:6      | Reached skill level 11 in Axes
  5902 | D:5      | Reached skill level 12 in Axes
  5902 | D:5      | Reached XP level 9. HP: 32/82 MP: 9/9
  6547 | D:6      | Found a snail-covered altar of Cheibriados.
  6615 | D:6      | Found Jaxkei's Food Shoppe.
  6808 | D:6      | Found a bloodstained altar of Trog.
  7094 | D:6      | Reached skill level 13 in Axes
  7228 | D:6      | Found a staircase to the Ecumenical Temple.
  7549 | D:7      | Found a sparkling altar of Nemelex Xobeh.
  7627 | D:7      | Reached **** piety under Makhleb
  7629 | D:7      | Found a flagged portal.
  7652 | D:7      | Found a basalt altar of Yredelemnul.
  7689 | Bailey   | Entered a bailey
  7689 | Bailey   | Noticed Kaishin's ghost (novice OpTm)
  7704 | Bailey   | HP: 3/85 [Kaishin's ghost (4)]
  7715 | Bailey   | Reached skill level 10 in Fighting
  7717 | Bailey   | Killed Kaishin's ghost
  7717 | Bailey   | Reached skill level 14 in Axes
  7717 | Bailey   | Reached XP level 10. HP: 41/94 MP: 10/10
  8031 | Bailey   | HP: 2/141 [orc warrior/glaive (5)]
  9210 | Bailey   | Reached skill level 15 in Axes
 10452 | Bailey   | Got a jewelled executioner's axe
 10453 | Bailey   | Identified the +9 executioner's axe "Oxkixi" {chop, MR+ Str+5 Dex-4} (You found it in a bailey)
 10630 | D:7      | Found a shattered altar of Ashenzari.
 11008 | D:8      | Reached skill level 17 in Axes
 11008 | D:8      | Reached XP level 11. HP: 102/102 MP: 10/17
 11345 | D:8      | Reached ***** piety under Makhleb
 11402 | D:8      | Noticed Grum
 11412 | D:8      | Killed Grum
 11564 | D:8      | Found an ancient bone altar of Kikubaaqudgha.
 11850 | D:9      | Reached skill level 18 in Axes
 11992 | D:9      | Found a staircase to the Orcish Mines.
 12013 | D:9      | Reached XP level 12. HP: 90/112 MP: 18/18
 12225 | D:9      | Found a staircase to the Lair.
 12382 | D:10     | Entered Level 10 of the Dungeon
 12953 | D:10     | Noticed a tengu warrior
 12959 | D:10     | Killed a tengu warrior
 13222 | D:11     | Reached skill level 19 in Axes
 13293 | D:11     | Noticed Ark's ghost (novice TeSu)
 13302 | D:11     | Killed Ark's ghost
 13323 | D:11     | Paralysed by a hornet for 1 turns
 13333 | D:11     | Found a labyrinth entrance.
 13345 | Lab      | Entered a labyrinth
 13528 | Lab      | Noticed a minotaur
 13533 | Lab      | Killed a minotaur
 13535 | Lab      | Got a pitted marble ring
 13542 | Lab      | Identified the Catalogue of the Rocks
 13553 | Lab      | Identified the Guide on Lucky Weightlessness
 14158 | Lair:1   | Entered Level 1 of the Lair of Beasts
 14305 | Lair:1   | Gained mutation: You tend to lose your temper in combat. [potion of mutation]
 14305 | Lair:1   | Gained mutation: Your body often deteriorates upon taking damage. [potion of mutation]
 14467 | Lair:1   | Noticed gg19's ghost (novice DECj)
 14474 | Lair:1   | Lost mutation: Your body often deteriorates upon taking damage. [potion of cure mutation]
 14474 | Lair:1   | Lost mutation: You tend to lose your temper in combat. [potion of cure mutation]
 14474 | Lair:1   | Lost mutation: You are partially covered in yellow scales. (AC +2) [potion of cure mutation]
 14482 | Lair:1   | Killed gg19's ghost
 14482 | Lair:1   | Reached skill level 20 in Axes
 14488 | Lair:1   | Noticed PurpleRed's ghost (journeyman MiFi)
 14494 | Lair:1   | Killed PurpleRed's ghost
 15103 | Lair:2   | Noticed a five-headed hydra
 15117 | Lair:2   | Killed an eight-headed hydra
 15117 | Lair:2   | Reached XP level 13. HP: 21/122 MP: 19/19
 15722 | Lair:2   | Found a hole to the Spider Nest.
 16108 | Lair:3   | Identified the ring "Woutaxie" {*Slow rPois Dex+6} (You took it off a minotaur in a labyrinth)
 16199 | Lair:3   | You fall through a shaft for 3 floors!
 16199 | Lair:6   | Entered Level 6 of the Lair of Beasts
 16207 | Lair:6   | Reached skill level 21 in Axes
 16244 | Lair:6   | Reached ****** piety under Makhleb
 16332 | Lair:4   | Found a staircase to the Swamp.
 17473 | Lair:5   | Reached skill level 22 in Axes
 17968 | Lair:6   | Reached XP level 14. HP: 133/133 MP: 20/20
 17977 | Lair:6   | Noticed luneth's ghost (journeyman DrAr)
 18270 | Lair:6   | Killed luneth's ghost
 18270 | Lair:6   | Reached skill level 15 in Fighting
 18707 | Lair:5   | Noticed a cacodemon
 18711 | Lair:5   | Slain by a seven-headed hydra

Skill      XL: |  1  2  3  4  5  6  7  8  9 10 11 12 13 14 |
---------------+-------------------------------------------+-----
Fighting       | 4 5 6 7 8 10 11 13 14 15 | 15.0
Axes           | 5 6 7 8 10 12 14 17 18 20 22 | 22.4
Invocations    | 8 |  8.6
Dodging        | |  2.4
Stealth        | |  1.5

Action                   |  1- 3 |  4- 6 |  7- 9 | 10-12 | 13-15 || total
-------------------------+-------+-------+-------+-------+-------++-------
Melee: Hand axe          |   100 |    18 |       |       |       ||   118
       Bite              |     3 |    15 |    38 |    33 |    28 ||   117
       War axe           |       |   157 |   373 |   100 |       ||   630
       Executioner's axe |       |       |       |   289 |   212 ||   501
Invok: Lesser Servant of |       |       |       |     7 |     1 ||     8
       Greater Servant o |       |       |       |       |     1 ||     1
  Use: Potion            |     4 |     5 |     6 |    11 |     3 ||    29
       Scroll            |       |       |    17 |    10 |    13 ||    40
 Stab: Sleeping          |     4 |     1 |       |       |       ||     5
       Invisible         |     3 |       |       |       |       ||     3
  Eat: Chunk             |     2 |     3 |     6 |    10 |     1 ||    22
       Bread ration      |       |     1 |       |       |       ||     1
       Meat ration       |       |       |     2 |     2 |       ||     4
       Fruit             |       |       |       |     7 |     2 ||     9
       Beef jerky        |       |       |       |     1 |     4 ||     5
       Royal jelly       |       |       |       |     1 |     1 ||     2
Armor: Robe              |    14 |     9 |       |       |       ||    23
       Ring mail         |       |    39 |       |       |       ||    39
       Scale mail        |       |     9 |    62 |       |       ||    71
       Plate armour      |       |       |    91 |   282 |   181 ||   554
       Skin              |       |       |    17 |     4 |     4 ||    25
Dodge: Dodged            |    50 |    90 |   141 |   167 |    88 ||   536
